 Dungeon Crawl Stone Soup version 0.31-a0-175-g9f7f995f2b (webtiles) character file.

Game seed: 16544470262339133091

42455 qw the Marksgargoyle (level 14, -9/96 HPs)
             Began as a Gargoyle Hunter on June 17, 2023.
             Was an Elder of Okawaru.
             Mangled by a soul eater (10 damage)
             ... summoned by an obsidian statue
             ... on level 5 of the Lair of Beasts.
             The game lasted 00:10:19 (16844 turns).

qw the Marksgargoyle (Gargoyle Hunter)             Turns: 16844, Time: 00:10:19

Health: -9/96      AC: -1    Str: 15    XL:     14   Next: 19%
Magic:  19/21      EV: 22    Int:  9    God:    Okawaru [****..]
Gold:   1167       SH:  5    Dex: 17    Spells: 13/13 levels left

rFire   . . .        Y - +0 orcbow
rCold   . . .        (shield currently unavailable)
rNeg    + . .        r - +3 ring mail {rPois}
rPois   inf          t - +2 hat {SInv}
rElec   +            (no cloak)
rCorr   .            i - +2 pair of gloves
SInv    +            p - +1 pair of boots
Will    +....        o - amulet of reflection
Stlth   +++          g - +5 ring of evasion
HPRegen 0.36/turn    e - +4 ring of protection
MPRegen 0.17/turn

%: reflection
@: mighty, heroic, spiked, corroded, flying
A: sickness immunity, AC +10, big wings, negative energy resistance 1,
electricity resistance, torment resistance 1, petrification resistance, shaggy
fur 1, weak 1
a: Renounce Religion, Heroism, Finesse


You were on level 5 of the Lair of Beasts.
You worshipped Okawaru.
Okawaru was greatly pleased with you.
You visited 3 branches of the dungeon, and saw 16 of its levels.

You collected 2313 gold pieces.
You spent 1146 gold pieces at shops.


Innate Abilities, Weirdness & Mutations

You are immune to sickness and miasma.
Your stone body is resilient. (AC +10)
You are immune to poison.
Your large and strong wings let you fly.
You resist negative energy. (rN+)
You are resistant to electric shocks. (rElec)
You are resistant to unholy torment.
You are immune to petrification.
You are covered in fur. (AC +1)
You are weak. (Str -2)


   Skills:
 - Level 14.0(19.0) Fighting
 - Level 16.0(21.0) Ranged Weapons
 + Level 7.1(12.1) Armour
 - Level 7.0(12.0) Dodging
 - Level 1.1(6.1) Stealth
 - Level 10.0 Invocations


You had 13 spell levels left.
You didn't know any spells.
Your spell library was empty.

Inventory:

Hand Weapons
 Y - a +0 orcbow (weapon)
Armour
 b - +0 acid dragon scales
 i - a +2 pair of gloves (worn)
 k - the +0 hat of Tufeerr {-Tele rC+ Str+2 SInv}
   (You found it on level 2 of the Dungeon)

   Str:       It affects your strength (+2).
   rC:        It protects you from cold.
   SInv:      It lets you see invisible.
   -Tele:     It prevents most forms of teleportation.
 p - a +1 pair of boots (worn)
 r - a +3 ring mail of poison resistance (worn)
 t - a +2 hat of see invisible (worn)
Jewellery
 d - a ring of ice
 e - a +4 ring of protection (right hand)
 g - a +5 ring of evasion (left hand)
 o - an amulet of reflection (around neck)
Scrolls
 f - 9 scrolls of identify
Potions
 c - 4 potions of curing
 h - 3 potions of might
 l - a potion of haste
 n - a potion of mutation
 q - 3 potions of enlightenment
 s - 2 potions of magic
 u - a potion of lignification

Dungeon Overview and Level Annotations

Branches:
Dungeon (10/15)            Temple (1/1) D:5            Lair (5/5) D:10
  Swamp (0/4) Lair:2        Snake (0/4) Lair:2        Slime (0/5) Lair:5
    Orc (0/2) D:10

Altars:
Ashenzari
Cheibriados
Dithmenos
Elyvilon
Fedhas
Gozag
Hepliaklqana
Kikubaaqudgha
Makhleb
Nemelex Xobeh
Okawaru
Qazlal
Ru
Sif Muna
Trog
Uskayaw
Vehumet
Wu Jian
Xom
Yredelemnul
Zin
The Shining One
Jiyva

Shops:
D:2 =   D:3 [

Annotations:
D:7 1 runed translucent door, Crazy Yiuf
Lair:3 2 transporters, qw's ghost, journeyman GrHu


Message History

The ufetubus disappears in a puff of smoke!
The white imp completely misses you. The iron imp completely misses you.
You shoot an arrow. The arrow hits the iron imp.
The iron imp is almost dead.
The red devil closely misses you.
You shoot an arrow. The arrow barely misses the iron imp.
You block the iron imp's attack.
The red devil hits you from afar with a +0 vampiric trident!!
Barbed spikes become lodged in your body.
16839 ||| DRINKING potion of heal wounds.
You feel much better. The red devil closely misses you.
The soul eater completely misses you. You block the red devil's attack.
The iron imp closely misses you.
You shoot an arrow. The arrow closely misses the iron imp.
The red devil barely misses you. You block the soul eater's attack.
You shoot an arrow. The arrow barely misses the iron imp.
The red devil closely misses you. The iron imp barely misses you.
You shoot an arrow.
The arrow hits the iron imp but does no damage.
The iron imp is almost dead.
You feel like a meek peon again. The red devil barely misses you.
The soul eater barely misses you. You block the red devil's attack.
16843 ||| INVOKING Heroism.
You gain the combat prowess of a mighty hero.
You break out of your daze.
The white imp disappears in a puff of smoke!
The iron imp completely misses you.
The red devil hits you from afar with a +0 vampiric trident!!
Barbed spikes become lodged in your body.
The soul eater hits you.
The red devil hits you from afar with a +0 trident!
Barbed spikes become lodged in your body.
You shoot an arrow.
The arrow hits the iron imp but does no damage.
The iron imp is almost dead.
The obsidian statue's eyes glow briefly.
The obsidian statue attempts to bespell you!
You resist. The soul eater hits you!
You die...

#......# ####.###~.#
#8...).####....#~~~~.
#########'#...P####P~~~~
##:# #.#.####.8#P~~~~
##+# #...#P....'..~~~
#787 #8..#....8##.~~#
#P..7 ###''#''#########
##...4##P#..#..#
7.ยค3@......##
7745P....P.# 77#.#...###
#######


You could see an obsidian statue, a soul eater (summoned), 2 red devils and an
iron imp (summoned).

Vanquished Creatures
  Gastronok (D:8)
  A dire elephant (Lair:5)
  Harold (D:9)
  3 hydras
  An anaconda (Lair:5)
  5 death yaks
  A two-headed ogre (D:9)
  Nergalle (Lair:3)
  A spectral anaconda (Lair:5)
  A spectral death yak (Lair:5)
  A bog body (Lair:2)
  2 necromancers (Lair:5)
  An oklob plant (Lair:5)
  6 elephants (Lair:5)
  7 black mambas
  An ice statue (D:10)
  2 gargoyles
  15 cane toads
  Maggie (D:6)
  10 komodo dragons
  2 rime drakes (Lair:2)
  4 ice devils (D:10)
  A hornet (D:7)
  4 polar bears
  A spectral elephant (Lair:5)
  11 blink frogs
  6 dream sheep (Lair:5)
  A spriggan (Lair:5)
  2 wraiths (D:10)
  6 yaks
  2 wyverns
  A dire elephant simulacrum (Lair:5)
  3 basilisks (Lair:5)
  A shadow (D:10)
  3 steam dragons
  4 swamp worms (Lair:2)
  An acid dragon (D:9)
  32 water moccasins
  2 elephant zombies (Lair:5)
  An orc warrior (D:8)
  2 sky beasts (D:7)
  2 black bears
  3 ogres
  16 wolves
  3 centaurs
  An elephant skeleton (Lair:5)
  9 kobold brigands
  16 bullfrogs
  2 scorpions
  6 wights
  9 killer bees
  3 howler monkeys (D:7)
  An electric eel (Lair:2)
  2 gnoll boudas (D:7)
  5 hounds
  2 sleepcaps
  5 iguanas
  Ijyb (D:5)
  4 orc wizards
  9 hell rats
  11 gnolls
  12 adders
  A river rat (D:9)
  3 white imps
  8 ufetubi
  2 worms (D:2)
  4 dart slugs
  27 orcs
  5 bats
  4 endoplasms
  5 giant cockroaches
  8 goblins
  8 hobgoblins
  5 jackals
  43 kobolds
  7 quokkas
  15 ball pythons
  4 frilled lizards
  8 rats
431 creatures vanquished.

Notes
Turn   | Place    | Note
-------+----------+-------------------------------------------
     0 | D:1      | qw the Gargoyle Hunter began the quest for the Orb.
     0 | D:1      | Reached XP level 1. HP: 12/12 MP: 1/1
     0 | D:1      | 0 ||| qw: Version: 0.3-a-2-g5ab2908
     0 | D:1      | 0 ||| qw: Game counter: 261
     0 | D:1      | 0 ||| qw: Always use a shield: true
     0 | D:1      | 0 ||| qw: God list: Okawaru
     0 | D:1      | 0 ||| qw: Allow faded altars: false
     0 | D:1      | 0 ||| qw: Do Orc after D:15 true
     0 | D:1      | 0 ||| qw: Do second Lair branch before Depths: true
     0 | D:1      | 0 ||| qw: Lair rune preference: random
     0 | D:1      | 0 ||| qw: Plans: Normal, Zot:1-4, Slime:5, God:TSO, Crypt,
                  | Tomb, Abyss, Pan, Hells, Win
     0 | D:1      | 0 ||| PLANNING D:1-11
    67 | D:1      | Reached XP level 2. HP: 17/17 MP: 2/2
   307 | D:1      | Reached XP level 3. HP: 21/21 MP: 3/3
   343 | D:1      | Reached skill level 5 in Ranged Weapons
   555 | D:1      | 555 ||| UPGRADING to +0 pair of gloves.
   560 | D:1      | 560 ||| READING 2 scrolls labelled ANUETU GAIBBEL.
   564 | D:1      | 564 ||| READING scroll labelled GANAHE LESUYNE.
   565 | D:1      | 565 ||| READING 2 scrolls labelled SOWIS ARESHREAR.
   566 | D:1      | 566 ||| READING scroll labelled WASHOEKHLI.
   566 | D:1      | Identified a scroll of acquirement
   566 | D:1      | 566 ||| ACQUIRING 1004 gold pieces
   566 | D:1      | Acquired 1004 gold pieces
   568 | D:1      | 568 ||| DROPPING scroll of butterflies.
   698 | D:2      | Reached skill level 3 in Fighting
   820 | D:2      | Found Exid's Jewellery Shoppe.
   827 | D:2      | 827 ||| BUYING +4 ring of protection (468 gold).
   827 | D:2      | Bought a +4 ring of protection for 468 gold pieces
   827 | D:2      | 827 ||| BUYING +5 ring of evasion (468 gold).
   827 | D:2      | Bought a +5 ring of evasion for 468 gold pieces
   827 | D:2      | 827 ||| SHOPLISTING amulet of regeneration (390 gold, have
                  | 165).
   898 | D:2      | Reached XP level 4. HP: 28/28 MP: 4/4
   949 | D:2      | Found a faded altar of an unknown god.
  1023 | D:2      | Identified the +0 hat of Tufeerr {-Tele rC+ Str+2 SInv}
  1320 | D:2      | 1320 ||| UPGRADING to ring of see invisible.
  1321 | D:2      | 1321 ||| UPGRADING to +4 ring of protection.
  1322 | D:2      | 1322 ||| UPGRADING to +5 ring of evasion.
  1324 | D:2      | 1324 ||| DROPPING ring of see invisible.
  1325 | D:2      | 1325 ||| READING scroll labelled JOFEUMPEON.
  1326 | D:2      | 1326 ||| DRINKING 2 fuming emerald potions.
  1327 | D:2      | 1327 ||| READING 2 scrolls of identify.
  1327 | D:2      | 1327 ||| IDENTIFYING bubbling silvery potion
  1328 | D:2      | 1328 ||| DROPPING potion of degeneration.
  1346 | D:3      | 1346 ||| STAIRDANCE
  1364 | D:3      | 1364 ||| STAIRDANCE
  1381 | D:3      | 1381 ||| STAIRDANCE
  1491 | D:3      | Reached XP level 5. HP: 32/32 MP: 5/5
  1691 | D:3      | 1691 ||| READING scroll of acquirement.
  1691 | D:3      | 1691 ||| ACQUIRING +6 shortbow of draining
  1691 | D:3      | Acquired a +6 shortbow of draining
  1693 | D:3      | 1693 ||| SWAPPING to +6 shortbow of draining.
  1732 | D:3      | 1732 ||| READING scroll of enchant armour.
  1732 | D:3      | 1732 ||| ENCHANTING +0 pair of gloves.
  1825 | D:3      | Reached skill level 6 in Ranged Weapons
  1857 | D:3      | Found Ydwesus's Antique Armour Boutique.
  1862 | D:3      | 1862 ||| BUYING glowing ring mail (210 gold).
  1862 | D:3      | Bought a glowing ring mail for 210 gold pieces
  1862 | D:3      | 1862 ||| SHOPLISTING glowing robe (111 gold, have 60).
  1980 | D:3      | 1980 ||| UPGRADING to +0 pair of boots.
  1985 | D:3      | 1985 ||| UPGRADING to +3 ring mail of poison resistance.
  1995 | D:3      | 1995 ||| DROPPING +0 leather armour.
  1996 | D:3      | 1996 ||| UPGRADING to amulet of reflection.
  2001 | D:3      | 2001 ||| READING scroll labelled EMATTO DIFI.
  2002 | D:3      | 2002 ||| DROPPING +0 shortbow.
  2003 | D:3      | 2003 ||| READING scroll labelled KERUSA ETTEOZU.
  2004 | D:3      | 2004 ||| READING scroll labelled HUTTI ISIR.
  2005 | D:3      | 2005 ||| READING 2 scrolls of identify.
  2005 | D:3      | 2005 ||| IDENTIFYING purple potion
  2006 | D:3      | 2006 ||| DROPPING potion of brilliance.
  2063 | D:4      | 2063 ||| READING scroll of enchant armour.
  2063 | D:4      | 2063 ||| ENCHANTING +1 pair of gloves.
  2102 | D:4      | Reached skill level 1 in Armour
  2523 | D:4      | Reached XP level 6. HP: 38/38 MP: 6/6
  2714 | D:4      | 2714 ||| READING scroll labelled APAKKOQ TAIF.
  2715 | D:4      | 2715 ||| READING scroll labelled YMASUA XEMUAMP.
  2746 | D:4      | 2746 ||| DRINKING 3 golden potions.
  2763 | D:5      | Entered Level 5 of the Dungeon
  2803 | D:5      | Noticed Ijyb
  2805 | D:5      | Killed Ijyb
  2847 | D:5      | Noticed a black bear
  2851 | D:5      | Killed a black bear
  2852 | D:5      | Reached skill level 7 in Ranged Weapons
  2912 | D:5      | Reached XP level 7. HP: 43/43 MP: 7/7
  3063 | D:5      | Found a staircase to the Ecumenical Temple.
  3064 | D:5      | 3064 ||| PLANNING TEMPLE
  3064 | D:5      | 3064 ||| READING scroll labelled EZUEFO RELAWIPE.
  3065 | D:5      | 3065 ||| READING scroll labelled SIRAATAAGU.
  3066 | D:5      | 3066 ||| DRINKING 2 fuming coppery potions.
  3067 | D:5      | 3067 ||| READING 2 scrolls of identify.
  3067 | D:5      | 3067 ||| IDENTIFYING lumpy red potion
  3068 | D:5      | 3068 ||| DROPPING potion of berserk rage.
  3077 | Temple   | Entered the Ecumenical Temple
  3078 | Temple   | 3078 ||| PLANNING OKAWARU WORSHIP
  3096 | Temple   | Became a worshipper of Warmaster Okawaru
  3097 | Temple   | 3097 ||| PLANNING D:1-11
  3318 | D:6      | Noticed Maggie
  3319 | D:6      | 3319 ||| PLANNING SEWER
  3320 | D:6      | 3320 ||| STAIRDANCE
  3374 | D:6      | HP: 10/43 [Maggie/puff of flame (1)]
  3375 | D:6      | 3375 ||| READING 2 scrolls of teleportation.
  3377 | D:6      | Killed Maggie
  3378 | D:6      | Reached skill level 8 in Ranged Weapons
  3502 | D:6      | Reached XP level 8. HP: 48/48 MP: 8/8
  3700 | D:6      | Found an opulent altar of Gozag.
  3729 | D:6      | Noticed a gargoyle
  3744 | D:6      | Killed a gargoyle
  3744 | D:6      | Reached * piety under Okawaru
  3745 | D:6      | Reached skill level 9 in Ranged Weapons
  3843 | D:6      | 3843 ||| Stepping ~*~*~tactically~*~*~ (cloud).
  3846 | D:6      | 3846 ||| INVOKING Heroism.
  3854 | D:6      | Reached skill level 1 in Invocations
  3854 | D:6      | 3854 ||| Stepping ~*~*~tactically~*~*~ (cloud).
  3855 | D:6      | 3855 ||| Stepping ~*~*~tactically~*~*~ (cloud).
  3974 | D:6      | 3974 ||| Stepping ~*~*~tactically~*~*~ (outnumbered).
  3977 | D:6      | 3977 ||| FLEEEEING.
  3981 | D:6      | 3981 ||| FLEEEEING.
  3982 | D:6      | 3982 ||| FLEEEEING.
  4027 | D:6      | 4027 ||| RIP SEWER
  4112 | D:6      | Found a shadowy altar of Dithmenos.
  4113 | D:6      | 4113 ||| PLANNING D:1-11
  4153 | D:6      | 4153 ||| INVOKING Heroism.
  4156 | D:6      | Reached skill level 6 in Fighting
  4161 | D:6      | Reached skill level 3 in Invocations
  4226 | D:6      | 4226 ||| INVOKING Heroism.
  4229 | D:6      | Reached XP level 9. HP: 55/55 MP: 8/11
  4560 | D:6      | 4560 ||| INVOKING Heroism.
  4608 | D:6      | Reached skill level 10 in Ranged Weapons
  4725 | D:6      | 4725 ||| DROPPING +2 pair of gloves.
  4726 | D:6      | 4726 ||| DRINKING 2 pink potions.
  4753 | D:7      | Reached skill level 3 in Armour
  4787 | D:7      | 4787 ||| INVOKING Heroism.
  4790 | D:7      | 4790 ||| Stepping ~*~*~tactically~*~*~ (outnumbered).
  4791 | D:7      | 4791 ||| Stepping ~*~*~tactically~*~*~ (outnumbered).
  4799 | D:7      | 4799 ||| Stepping ~*~*~tactically~*~*~ (outnumbered).
  4824 | D:7      | 4824 ||| Stepping ~*~*~tactically~*~*~ (outnumbered).
  4846 | D:7      | 4846 ||| INVOKING Heroism.
  4869 | D:7      | Found a shimmering blue altar of Sif Muna.
  4883 | D:7      | Found an ancient bone altar of Kikubaaqudgha.
  4889 | D:7      | Noticed a hornet
  4893 | D:7      | Killed a hornet
  4900 | D:7      | 4900 ||| INVOKING Heroism.
  4929 | D:7      | Reached ** piety under Okawaru
  4930 | D:7      | Reached skill level 11 in Ranged Weapons
  5031 | D:7      | Found a runed translucent door.
  5032 | D:7      | Noticed Crazy Yiuf
  5131 | D:7      | Reached skill level 3 in Dodging
  5220 | D:7      | 5220 ||| Stepping ~*~*~tactically~*~*~ (outnumbered).
  5222 | D:7      | 5222 ||| Stepping ~*~*~tactically~*~*~ (outnumbered).
  5224 | D:7      | 5224 ||| Stepping ~*~*~tactically~*~*~ (outnumbered).
  5226 | D:7      | 5226 ||| Stepping ~*~*~tactically~*~*~ (outnumbered).
  5229 | D:7      | 5229 ||| Stepping ~*~*~tactically~*~*~ (outnumbered).
  5234 | D:7      | Reached XP level 10. HP: 64/64 MP: 13/13
  6700 | D:7      | 6700 ||| Stepping randomly (stuck).
  6860 | D:8      | Noticed Gastronok
  6861 | D:8      | 6861 ||| INVOKING Heroism.
  6875 | D:8      | Killed Gastronok
  6875 | D:8      | Reached *** piety under Okawaru
  6876 | D:8      | Reached skill level 12 in Ranged Weapons
  7081 | D:8      | 7081 ||| INVOKING Heroism.
  7147 | D:8      | Found a glowing silver altar of Zin.
  7148 | D:8      | Found a sacrificial altar of Ru.
  7148 | D:8      | Found a blossoming altar of Fedhas.
  7465 | D:8      | 7465 ||| UPGRADING to +2 hat of see invisible.
  7470 | D:8      | 7470 ||| READING 2 scrolls labelled PORAONK FYONG.
  7471 | D:8      | 7471 ||| READING scroll labelled DAUBALYFAI.
  7472 | D:8      | 7472 ||| DRINKING 2 glowing dark potions.
  7472 | D:8      | Gained mutation: You are covered in fur. (AC +1) [potion of
                  | mutation]
  7472 | D:8      | Gained mutation: You are weak. (Str -2) [potion of
                  | mutation]
  7473 | D:8      | 7473 ||| READING 2 scrolls of identify.
  7473 | D:8      | 7473 ||| IDENTIFYING puce potion
  7474 | D:8      | 7474 ||| DROPPING scroll of vulnerability.
  7475 | D:8      | 7475 ||| DROPPING potion of invisibility.
  7558 | D:9      | 7558 ||| INVOKING Heroism.
  7882 | D:9      | 7882 ||| Stepping ~*~*~tactically~*~*~ (outnumbered).
  7884 | D:9      | 7884 ||| Stepping ~*~*~tactically~*~*~ (outnumbered).
  7889 | D:9      | 7889 ||| Stepping ~*~*~tactically~*~*~ (outnumbered).
  7901 | D:9      | Reached skill level 13 in Ranged Weapons
  7909 | D:9      | 7909 ||| SWAPPING to +0 orcbow.
  7910 | D:9      | 7910 ||| DROPPING +6 shortbow of electrocution.
  7967 | D:9      | 7967 ||| INVOKING Heroism.
  8013 | D:9      | 8013 ||| FLEEEEING.
  8020 | D:9      | 8020 ||| STAIRDANCE
  8053 | D:8      | 8053 ||| DROPPING ring of magical power.
  8110 | D:9      | 8110 ||| Stepping ~*~*~tactically~*~*~ (outnumbered).
  8113 | D:9      | 8113 ||| Stepping ~*~*~tactically~*~*~ (outnumbered).
  8115 | D:9      | 8115 ||| Stepping ~*~*~tactically~*~*~ (outnumbered).
  8117 | D:9      | 8117 ||| Stepping ~*~*~tactically~*~*~ (outnumbered).
  8119 | D:9      | 8119 ||| Stepping ~*~*~tactically~*~*~ (outnumbered).
  8123 | D:9      | Reached **** piety under Okawaru
  8124 | D:9      | Reached skill level 9 in Fighting
  8130 | D:9      | Noticed Harold
  8133 | D:9      | 8133 ||| INVOKING Heroism.
  8147 | D:9      | Killed Harold
  8148 | D:9      | Reached XP level 11. HP: 43/71 MP: 12/14
  8440 | D:10     | Entered Level 10 of the Dungeon
  8440 | D:10     | Found a staircase to the Lair.
  8443 | D:10     | Noticed a death yak
  8444 | D:10     | 8444 ||| INVOKING Heroism.
  8446 | D:10     | Noticed a death yak
  8447 | D:10     | Noticed a death yak
  8453 | D:10     | Noticed a two-headed ogre
  8463 | D:10     | Killed a death yak
  8472 | D:10     | 8472 ||| STAIRDANCE
  8474 | D:9      | 8474 ||| INVOKING Heroism.
  8479 | D:9      | Killed a two-headed ogre
  8489 | D:9      | Killed a death yak
  8489 | D:9      | Reached ***** piety under Okawaru
  8490 | D:9      | Reached skill level 14 in Ranged Weapons
  8588 | D:10     | 8588 ||| STAIRDANCE
  8597 | D:9      | 8597 ||| INVOKING Heroism.
  8601 | D:9      | Reached skill level 6 in Invocations
  8698 | D:10     | 8698 ||| STAIRDANCE
  8756 | D:10     | 8756 ||| INVOKING Heroism.
  8777 | D:10     | Killed a death yak
  9052 | D:10     | Found a staircase to the Orcish Mines.
  9193 | D:10     | 9193 ||| INVOKING Heroism.
  9194 | D:10     | 9194 ||| INVOKING Finesse.
  9359 | D:10     | 9359 ||| INVOKING Heroism.
  9628 | D:10     | 9628 ||| PLANNING LAIR
  9671 | Lair:1   | Entered Level 1 of the Lair of Beasts
  9792 | Lair:1   | 9792 ||| INVOKING Heroism.
  9793 | Lair:1   | 9793 ||| READING 3 scrolls of identify.
  9793 | Lair:1   | 9793 ||| IDENTIFYING metallic white potion
  9850 | Lair:1   | 9850 ||| READING 2 scrolls of identify.
  9850 | Lair:1   | 9850 ||| IDENTIFYING amethyst potion
 10074 | Lair:1   | 10074 ||| INVOKING Heroism.
 10238 | Lair:1   | 10238 ||| INVOKING Heroism.
 10247 | Lair:1   | Reached XP level 12. HP: 54/77 MP: 16/18
 10701 | Lair:2   | 10701 ||| INVOKING Heroism.
 10733 | Lair:2   | Reached skill level 9 in Invocations
 10738 | Lair:2   | HP: 16/77 [cane toad (17)]
 10739 | Lair:2   | 10739 ||| READING 4 scrolls of teleportation.
 10739 | Lair:2   | HP: 7/77 [black mamba (9)]
 10739 | Lair:2   | HP: 3/77 [cane toad (4)]
 10740 | Lair:2   | 10740 ||| DRINKING 5 potions of heal wounds.
 10741 | Lair:2   | 10741 ||| INVOKING Heroism.
 10752 | Lair:2   | HP: 18/77 [rime drake (5)]
 10753 | Lair:2   | 10753 ||| READING 3 scrolls of teleportation.
 10754 | Lair:2   | 10754 ||| DRINKING 4 potions of heal wounds.
 10791 | Lair:2   | 10791 ||| INVOKING Heroism.
 10846 | Lair:2   | 10846 ||| INVOKING Heroism.
 10895 | Lair:2   | HP: 17/77 [black mamba (6)]
 10896 | Lair:2   | 10896 ||| READING 2 scrolls of teleportation.
 10897 | Lair:2   | 10897 ||| DRINKING 3 potions of heal wounds.
 10900 | Lair:2   | Found a staircase to the Snake Pit.
 10914 | Lair:2   | 10914 ||| INVOKING Heroism.
 11027 | Lair:2   | 11027 ||| INVOKING Heroism.
 11181 | Lair:2   | Reached skill level 15 in Ranged Weapons
 11184 | Lair:2   | 11184 ||| INVOKING Heroism.
 11453 | Lair:2   | 11453 ||| INVOKING Heroism.
 11608 | Lair:2   | Found a staircase to the Swamp.
 11819 | Lair:2   | 11819 ||| DROPPING amulet of magic regeneration.
 11874 | Lair:3   | 11874 ||| INVOKING Heroism.
 11979 | Lair:3   | 11979 ||| INVOKING Heroism.
 12056 | Lair:3   | 12056 ||| READING scroll of enchant armour.
 12056 | Lair:3   | 12056 ||| ENCHANTING +0 pair of boots.
 12143 | Lair:3   | Found a transporter.
 12146 | Lair:3   | Noticed qw's ghost (journeyman GrHu)
 12433 | Lair:3   | 12433 ||| INVOKING Heroism.
 12435 | Lair:3   | Reached skill level 16 in Ranged Weapons
 12524 | Lair:3   | Found the +8 whip "Snakebite" {venom, curare, rPois}
 12587 | Lair:3   | Found a transporter.
 12674 | Lair:3   | Noticed Nergalle
 12675 | Lair:3   | 12675 ||| INVOKING Heroism.
 12693 | Lair:3   | 12693 ||| INVOKING Heroism.
 12712 | Lair:3   | Killed Nergalle
 12713 | Lair:3   | Reached XP level 13. HP: 33/82 MP: 20/20
 12904 | Lair:3   | 12904 ||| INVOKING Heroism.
 12968 | Lair:3   | 12968 ||| INVOKING Heroism.
 13350 | Lair:3   | 13350 ||| READING scroll labelled NUGHEO NESKADD.
 13351 | Lair:3   | 13351 ||| READING scroll labelled BAPHASHREIRA.
 13352 | Lair:3   | 13352 ||| READING 4 scrolls of identify.
 13352 | Lair:3   | 13352 ||| IDENTIFYING red potion
 13361 | Lair:4   | 13361 ||| PLANNING GAUNTLET
 13788 | Lair:4   | 13788 ||| RIP GAUNTLET
 13808 | Lair:4   | 13808 ||| PLANNING LAIR
 13973 | Lair:4   | 13973 ||| INVOKING Heroism.
 13986 | Lair:4   | Reached skill level 6 in Armour
 14231 | Lair:4   | 14231 ||| INVOKING Heroism.
 14377 | Lair:4   | 14377 ||| INVOKING Heroism.
 14627 | Lair:4   | 14627 ||| DROPPING ring of wizardry.
 14637 | Lair:5   | Entered Level 5 of the Lair of Beasts
 14642 | Lair:5   | 14642 ||| INVOKING Heroism.
 14668 | Lair:5   | 14668 ||| STAIRDANCE
 14675 | Lair:4   | 14675 ||| INVOKING Heroism.
 14680 | Lair:4   | HP: 17/85 [seven-headed hydra (6)]
 14681 | Lair:4   | 14681 ||| READING scroll of teleportation.
 14682 | Lair:4   | 14682 ||| DRINKING 3 potions of heal wounds.
 14685 | Lair:4   | Reached skill level 12 in Fighting
 14903 | Lair:5   | 14903 ||| STAIRDANCE
 15096 | Lair:5   | Reached skill level 6 in Dodging
 15125 | Lair:5   | 15125 ||| INVOKING Heroism.
 15165 | Lair:5   | 15165 ||| INVOKING Heroism.
 15239 | Lair:5   | 15239 ||| INVOKING Heroism.
 15321 | Lair:5   | Found a staircase to the Slime Pits.
 15322 | Lair:5   | 15322 ||| INVOKING Heroism.
 15323 | Lair:5   | 15323 ||| INVOKING Finesse.
 15324 | Lair:5   | Found a viscous altar of Jiyva.
 15432 | Lair:5   | 15432 ||| INVOKING Heroism.
 15513 | Lair:5   | 15513 ||| INVOKING Heroism.
 15591 | Lair:5   | 15591 ||| INVOKING Heroism.
 15751 | Lair:5   | 15751 ||| INVOKING Heroism.
 16021 | Lair:5   | Noticed a dire elephant
 16070 | Lair:5   | 16070 ||| INVOKING Heroism.
 16104 | Lair:5   | 16104 ||| INVOKING Heroism.
 16255 | Lair:5   | Gained mutation: Your large and strong wings let you fly.
                  | [Gargoyle growth]
 16255 | Lair:5   | Reached XP level 14. HP: 94/94 MP: 21/21
 16377 | Lair:5   | 16377 ||| INVOKING Heroism.
 16378 | Lair:5   | 16378 ||| INVOKING Finesse.
 16595 | Lair:5   | 16595 ||| INVOKING Heroism.
 16640 | Lair:5   | Killed a dire elephant
 16778 | Lair:5   | 16778 ||| INVOKING Heroism.
 16832 | Lair:5   | HP: 23/96 [red devil/+0 vampiric trident[an obsidian
                  | statue] (15)]
 16833 | Lair:5   | 16833 ||| DRINKING 2 potions of heal wounds.
 16838 | Lair:5   | HP: 13/96 [red devil/+0 vampiric trident[an obsidian
                  | statue] (23)]
 16839 | Lair:5   | 16839 ||| DRINKING potion of heal wounds.
 16843 | Lair:5   | 16843 ||| INVOKING Heroism.
 16843 | Lair:5   | HP: 19/96 [red devil/+0 vampiric trident[an obsidian
                  | statue] (20)]
 16843 | Lair:5   | HP: 1/96 [red devil/+0 trident[an obsidian statue] (17)]
 16844 | Lair:5   | Mangled by a soul eater

Levels and vault maps discovered:
D:1:      dpeg_arrival_short_road, layout_basic
D:2:      kb_forest_paths, layout_basic, serial_shops, shop,
          shapermc_ecumenical_altar_ellora
D:3:      layout_basic, serial_shops, shop, minmay_ruptured
D:4:      layout_basic
D:5:      layout_layer_cave, minmay_temple_entry_offerings, uniq_ijyb
D:6:      kennysheep_six_static_rooms, layout_loops_corners,
          mainiacjoe_overflow_chevrons, grunt_dithmenos_smoke_and_mirrors,
          portal_sewer_entry_d, uniq_maggie
D:7:      layout_basic, mainiacjoe_overflow_tiny_flanked, kennysheep_mini,
          uniq_crazy_yiuf_cottage
D:8:      layout_loops_ring, chequers_temple_overflow_statue_of_worship,
          uniq_gastronok
D:9:      layout_loops_ring, uniq_harold
D:10:     cheibrodos_frozen_isle, layout_irregular_city, dpeg_lair_monsters
Temple:   minmay_freezing_vapour_temple
Lair:1:   wad_woods_04, layout_concentric_octagons, serial_bayou_lake_a,
          lemuel_fruit_fields
Lair:2:   layout_concentric_octagons, nicolae_swamp_entry_splash_gauntlet,
          minmay_snake_entry_six_corridors
Lair:3:   minmay_guarded_unrand_snakebite, layout_long_grid,
          gammafunk_ghost_arena, guppyfry_lair_drakes, uniq_nergalle
Lair:4:   layout_loops_ring, gauntlet_entry_generic
Lair:5:   due_jungle_book, layout_loops_ring, minmay_slime_entry_oklob_open,
          grunt_forest_large_clearing_hut

Skill      XL: |  1  2  3  4  5  6  7  8  9 10 11 12 13 14 |
---------------+-------------------------------------------+-----
Ranged Weapons | 5 6 7 8 9 11 13 14 16 | 16.0
Fighting       | 3 4 6 7 9 10 13 14 | 14.0
Armour         | 1 2 3 4 5 7 |  7.1
Dodging        | 2 3 4 6 7 |  7.0
Invocations    | 3 4 8 10 | 10.0
Stealth        | |  1.1

Action                     |  1- 3 |  4- 6 |  7- 9 | 10-12 | 13-15 || total
---------------------------+-------+-------+-------+-------+-------++-------
   Fire: Shortbow          |   100 |   217 |   263 |    92 |       ||   672
         Orcbow            |       |       |       |  1022 |   844 ||  1866
 Invoke: Heroism           |       |       |     7 |    27 |    21 ||    55
         Finesse           |       |       |       |     1 |     2 ||     3
    Use: Scroll            |     4 |    11 |     4 |     9 |     4 ||    32
         Potion            |       |     2 |     2 |     4 |     3 ||    11
 Armour: Leather armour    |    22 |    24 |       |       |       ||    46
         Ring mail         |       |    11 |    41 |   329 |   322 ||   703
  Dodge: Dodged            |    37 |    80 |    53 |   806 |   694 ||  1670
  Block: Other             |       |     1 |    13 |   200 |   166 ||   380
         Reflection        |       |       |     2 |     2 |       ||     4

Table legend:
 A = Non-vault XP
 B = Vault XP
 C = Vault XP percentage of total XP
 D = Non-vault monster count
 E = Vault monster count
 F = Vault count percentage of total count
                 A         B        C        D         E       F
            +---------+---------+-------+---------+---------+-------
      Total |   36939 |   23712 |  39.1 |     341 |      90 |  20.9
            +---------+---------+-------+---------+---------+-------
        D:1 |      53 |       0 |   0.0 |      26 |       0 |   0.0
        D:2 |      77 |      12 |  13.5 |      27 |       6 |  18.2
        D:3 |      30 |      18 |  37.5 |      17 |       3 |  15.0
        D:4 |     160 |       0 |   0.0 |      22 |       0 |   0.0
        D:5 |     314 |      36 |  10.3 |      13 |       1 |   7.1
        D:6 |    1310 |     797 |  37.8 |      22 |       8 |  26.7
        D:7 |    2200 |       0 |   0.0 |      46 |       0 |   0.0
        D:8 |    1203 |    1481 |  55.2 |      16 |       1 |   5.9
        D:9 |    2549 |    1798 |  41.4 |      31 |       7 |  18.4
       D:10 |    1352 |    3511 |  72.2 |      10 |      17 |  63.0
     Lair:1 |    1934 |       0 |   0.0 |      10 |       0 |   0.0
     Lair:2 |    4940 |    3322 |  40.2 |      18 |      15 |  45.5
     Lair:3 |    3568 |    3253 |  47.7 |      17 |      13 |  43.3
     Lair:4 |    7251 |       0 |   0.0 |      32 |       0 |   0.0
     Lair:5 |    9998 |    9484 |  48.7 |      34 |      19 |  35.8
            +---------+---------+-------+---------+---------+-------
